 Dungeon Crawl Stone Soup version 0.27-a0-1136-g0b992a5a9d (webtiles) character file.

Game seed: 5119668657523763267

226 1player the Skirmisher (level 6, 51/51 HPs)
             Began as a Formicid Abyssal Knight on May 4, 2021.
             Was a Believer of Lugonu.
             Quit the game on level 4 of the Dungeon.
             The game lasted 00:06:24 (3400 turns).

1player the Skirmisher (Formicid Abyssal Knight)    Turns: 3400, Time: 00:06:25

Health: 51/51      AC: 10    Str: 19    XL:     6   Next: 22%
Magic:  8/8        EV:  9    Int: 11    God:    Lugonu [**....]
Gold:   81         SH:  0    Dex: 10    Spells: 5/5 levels left

rFire    . . .     SeeInvis +   b - +2 hand axe (elec)
rCold    . . .     Faith    .   (no shield)
rNeg     . . .     Spirit   .   f - +0 scale mail
rPois    .         Reflect  .   (helmet unavailable)
rElec    .         Harm     .   l - scarf {+Inv}
rCorr    .         Rampage  .   (no gloves)
Will     .....                  (no boots)
Stlth    ..........             (no amulet)
HPRegen  0.17/turn              g - +4 ring of protection
MPRegen  0.11/turn              (no ring)

@: no status effects
A: permanent stasis, dig shafts and tunnels, antennae 3, four strong arms
a: Dig, Shaft Self, Renounce Religion, Evoke Invisibility, Depart the Abyss,
Bend Space


You were on level 4 of the Dungeon.
You worshipped Lugonu.
Lugonu was pleased with you.
You visited 1 branch of the dungeon, and saw 4 of its levels.
You visited the Abyss 1 time.

You collected 81 gold pieces.

Inventory:

Hand Weapons
 a - a +1 falchion
 b - a +2 hand axe of electrocution (weapon)
Armour
 f - a +0 scale mail (worn)
 l - a scarf of invisibility (worn)
Jewellery
 g - a +4 ring of protection (left hand)
Scrolls
 d - a scroll of teleportation {unknown}
 i - a scroll of acquirement {unknown}
 j - a scroll of enchant armour {unknown}
 k - a scroll of fog {unknown}
 m - a scroll of identify {unknown}
 n - a scroll of magic mapping {unknown}
 o - a scroll of holy word {unknown}
Potions
 c - a potion of mutation {unknown}
 h - 2 potions of curing {unknown}


   Skills:
 + Level 5.5 Fighting
 - Level 3.1 Long Blades
 - Level 2.1 Armour
 - Level 0.8 Dodging
 - Level 3.8 Invocations
 + Level 1.4 Evocations


You had 5 spell levels left.
You didn't know any spells.
Your spell library contained the following spells:

 Spells                   Type           Power      Damage    Failure   Level
 Beastly Appendage        Tmut           0%         N/A       71%         1
 Sandblast                Erth           0%         2d4       71%         1
 Passwall                 Tmut/Erth      0%         N/A       85%         2
 Wereblood                Tmut           0%         N/A       85%         2
 Spider Form              Tmut/Pois      0%         N/A       97%         3
 Stone Arrow              Conj/Erth      0%         3d7       97%         3
 Ice Form                 Ice/Tmut       0%         N/A       100%        4
 Petrify                  Tmut/Erth      0%         N/A       100%        4
 Hydra Form               Tmut           0%         N/A       100%        5
 Lee's Rapid Deconstruct  Erth           0%         3d5*      100%        5


Dungeon Overview and Level Annotations

Branches:
Dungeon (4/15)
 Temple: D:4-7

Altars:

Annotations:
D:4 Edmund


Innate Abilities, Weirdness & Mutations

You cannot be hasted, slowed, berserked, paralysed or teleported.
You can dig through walls and to a lower floor.
You have a pair of large antennae on your head. (SInv)
Your four strong arms can wield two-handed weapons with a shield.


Message History

You see here a +0 scale mail.
A scorpion is nearby!
You hit the scorpion but do no damage. The scorpion barely misses you.
You barely miss the scorpion.
The scorpion stings you but does no damage. x2
You hit the scorpion. Lightning courses through the scorpion!
The scorpion is almost dead.
The scorpion stings you but does no damage.
You hit the scorpion.
You kill the scorpion!
Lugonu accepts your kill.
Your Evocations skill increases to level 1!
You have reached level 6!
Your experience leads to an increase in your attributes!
Increase (S)trength, (I)ntelligence, or (D)exterity?
You feel stronger.
There is a stone staircase leading up here.
n - a scroll labelled WUDO WOTUXT
o - a scroll labelled ENUEPL JERIC
There is a stone staircase leading down here.
Found a stone staircase leading down.
There is a stone staircase leading down here.
Found a leather armour.
Found an escape hatch in the floor.
There is an escape hatch in the floor here.
h - 2 murky black potions (gained 1)
There is a stone staircase leading down here.
Things that are here:
a hobgoblin skeleton; a rat skeleton Done exploring.
Done exploring.
There is a stone staircase leading down here.
You climb downwards.
There is a stone staircase leading up here.
Found a hand axe.
You see here a +0 hand axe.
You sense a monster nearby.
Edmund the Younger comes into view.
He is wielding a +3 vorpal flail and wearing a +2 chain mail of fire resistance.
Edmund shouts!
Are you sure you want to abandon this character and quit the game? (Confirm with "yes".)

#.# #.# ..# ##.
#####.##### ≈.# ..
#.........# ≈.
##§§###.#####.## ≈.
#..§#...#≈§§#.## ≈§
#.§≈##..#≈≈≈##.##≈§#
#...#)#.#§≈≈§##.#@§#
#....####≈§§§§##@..#
#....#≈≈≈≈§§≈≈§#...#
#.....≈≈≈≈≈≈§§≈..#.#
........≈≈≈≈§...##.#
#....##.......#### #
####.####.........
#.# #<######## #.#
#.# #^# #.#


You could see Edmund.

Vanquished Creatures
  A scorpion (D:3)
  2 orc priests (D:2)
  4 adders (D:2)
  3 worms (D:2)
  7 orcs
  2 endoplasms
  2 giant cockroaches (D:1)
  7 goblins
  5 hobgoblins
  2 jackals (D:1)
  3 kobolds
  A quokka (D:2)
  4 ball pythons
  8 bats
  4 frilled lizards
  11 rats
66 creatures vanquished.

Notes
Turn   | Place    | Note
-------+----------+-------------------------------------------
     0 | Abyss:1  | 1player the Formicid Abyssal Knight began the quest for the
                  | Orb.
     0 | Abyss:1  | Reached XP level 1. HP: 18/18 MP: 2/2
   103 | Abyss:1  | Noticed a ynoxinul
   105 | D:1      | Escaped the Abyss
   202 | D:1      | Reached * piety under Lugonu
   334 | D:1      | Found a faded altar of an unknown god.
   339 | D:1      | Reached XP level 2. HP: 24/24 MP: 3/3
   672 | D:1      | Reached XP level 3. HP: 30/30 MP: 4/4
   763 | D:1      | Reached skill level 4 in Fighting
  1323 | D:2      | Reached XP level 4. HP: 24/37 MP: 5/5
  1732 | D:2      | Reached ** piety under Lugonu
  1811 | D:2      | Reached XP level 5. HP: 25/43 MP: 5/7
  1822 | D:2      | Reached skill level 5 in Fighting
  3028 | D:3      | Reached skill level 1 in Evocations
  3028 | D:3      | Reached XP level 6. HP: 51/51 MP: 8/8
  3399 | D:4      | Noticed Edmund
  3400 | D:4      | Quit the game

Illustrated notes

Levels and vault maps discovered:
D:1:      minmay_arrival_loop, layout_rooms, hellmonk_ecumenical_altar_run_dry,
          st_stairs_4
D:2:      cheibrodos_pilgrimage, layout_loops_ring
D:3:      layout_loops_ring, st_stairs_2
D:4:      layout_basic, serial_shops, shop_statue, grunt_decor_junction,
          minmay_pentangle, uniq_crazy_yiuf_cottage, uniq_duvessa, uniq_edmund

Skill      XL: |  1  2  3  4  5 |
---------------+----------------+-----
Fighting       | 4 5 |  5.5
Long Blades    | 3 |  3.1
Invocations    | 3 |  3.8
Evocations     | 1 |  1.4
Armour         | |  2.1
Dodging        | |  0.8

Action                   |  1- 3 |  4- 6 || total
-------------------------+-------+-------++-------
Melee: Hand axe          |    46 |    90 ||   136
       Falchion          |    61 |       ||    61
Invok: Depart the Abyss  |     1 |       ||     1
 Abil: Dig               |       |     3 ||     3
Armor: Scale mail        |    59 |    46 ||   105
Dodge: Dodged            |    67 |    37 ||   104
       Rpst.: Falchion   |     5 |       ||     5

Table legend: (Time is in decaauts)
 A = Elapsed time spent in this place.
 B = Non-inter-level travel time spent in this place.
 C = Inter-level travel time spent in this place.
 D = Time resting spent in this place.
 E = Time spent auto-exploring this place.
 F = Levels seen in this place.
 G = Mean time per level.
                   A        B        C        D        E       F      G
               +--------+--------+--------+--------+--------+-----+--------+
         Total |   3446 |   3313 |    133 |   1044 |   1518 |   5 |  689.2 |
       Dungeon |   3341 |   3208 |    133 |   1044 |   1476 |   4 |  835.2 |
         Abyss |    105 |    105 |      0 |      0 |     42 |   1 |  105.0 |
               +--------+--------+--------+--------+--------+-----+--------+

Top non-repeatable levels by time:
     D:2: 1644 daAuts
     D:1: 916 daAuts
     D:3: 751 daAuts
 Abyss:1: 105 daAuts
     D:4: 27 daAuts
